cohdb
Replays
Latest Replays
All Replays
Popular Replays
Top Player Replays
Match Explorer
How It Works
Community
CoH3 Stats
Reddit
Sign in to upload your games and track your stats! →
Sign in with Steam
Match 44757353
Unlisted
Match 44757353
Overview
Messages
Build Orders
End
Royal Engineer Section
Construct Section Command Post
Infantry Section
Infantry Section
Grenade Package
Selects Canadian Shock Battlegroup
Selects Canadian Shock Battlegroup
Selects Offensive Resupply
Selects Canadian Shock Section
Canadian Shock Section
北风卷地白草折
Tony the Finger
XuZhongwei
上海交大周杰伦
0
0
Comments
sign in to comment!
No comments posted yet!